 Dungeon Crawl Stone Soup version 0.28-a0-1387-g3a22ab9bdc (webtiles) character file.

Game seed: 10995833309229318274

2422 ders the Thaumaturge (level 9, -6/55 HPs)
             Began as a Djinni Fire Elementalist on Jan 2, 2022.
             Was an Initiate of Ashenzari.
             Mangled by Harold (20 damage)
             ... on level 7 of the Dungeon.
             The game lasted 00:10:51 (10835 turns).

ders the Thaumaturge (Djinni Fire Elementalist)    Turns: 10835, Time: 00:10:51

Health: -6/55      AC:  4    Str:  6 (7)  XL:     9   Next: 76%
Gold:   359        EV: 12    Int: 21      God:    Ashenzari [......] SH:  0 Dex: 13 (14)

rFire   + + .      SeeInvis .   k - +1 whip (freeze)
rCold   x . .      Faith    .   (no shield)
rNeg    . . .      Spirit   .   j - +0 leather armour
rPois   ∞          Reflect  .   q - +0 helmet "Bound Together" {Evo, Cun} (curse)
rElec   .          Harm     .   (no cloak)
rCorr   .          Rampage  .   (no gloves)
Will    .....                   (boots unavailable)
Stlth   ++........              (no amulet)
HPRegen 0.18/turn               n - +4 ring of slaying
MPRegen 0.00/turn               (no ring)

@: marked, radiating poison, flying, studying Unarmed Combat
A: sickness immunity, fire resistance 2, cold vulnerability 1, float, innate
caster, hp casting, extra vitality 1
a: Renounce Religion, Shatter the Chains


You were on level 7 of the Dungeon.
You worshipped Ashenzari.
Ashenzari was noncommittal.
You visited 2 branches of the dungeon, and saw 8 of its levels.

You collected 359 gold pieces.

Inventory:

Hand Weapons
 k - a +1 whip of freezing (weapon)
Armour
 a - a +0 robe
 j - a +0 leather armour (worn)
 q - the cursed +0 helmet "Bound Together" (worn) {Evo, Cun}
   (You found it on level 7 of the Dungeon)

   It has a curse which improves the following skills: Evocations: Evocations.
   Cunning:   Dodging and Stealth.
Jewellery
 n - a +4 ring of slaying (left hand)
Wands
 d - a wand of paralysis (21)
 h - a wand of charming (12)
 m - a wand of flame (19)
 o - a wand of iceblast (9)
Scrolls
 b - 4 scrolls of fog
 c - 2 scrolls of identify
 e - a scroll of immolation {unknown}
 f - a scroll of silence {unknown}
 g - a scroll of blinking {unknown}
Potions
 i - a potion of brilliance {unknown}
 l - a potion of cancellation {unknown}
 p - 3 potions of flight {unknown}


   Skills:
 - Level 3.1(3.6) Dodging
 - Level 2.4(2.9) Stealth
 + Level 9.7 Spellcasting


You had 4 spell levels left.
You knew the following spells:

 Your Spells              Type           Power      Damage    Failure   Level
a - Foxfire               Conj/Fire      100%       2x1d9     1%          1
b - Scorch                Fire           100%       2d10      1%          2
c - Conjure Flame         Conj/Fire      50%        6-21      1%          3
d - Inner Flame           Hex/Fire       50%        N/A       1%          3
e - Flame Wave            Conj/Fire      50%        2d9       1%          4
f - Apportation           Tloc           100%       N/A       1%          1
g - Passwall              Tmut/Erth      41%        N/A       1%          2
h - Tukima's Dance        Hex            50%        N/A       1%          3
i - Olgreb's Toxic Radia  Pois           50%        N/A       1%          4
Your spell library was empty.

Dungeon Overview and Level Annotations

Branches:
Dungeon (7/15)             Temple (1/1) D:6

Altars:
Ashenzari
Cheibriados
Dithmenos
Elyvilon
Fedhas
Gozag
Hepliaklqana
Kikubaaqudgha
Makhleb
Nemelex Xobeh
Okawaru
Qazlal
Ru
Sif Muna
Trog
Uskayaw
Vehumet
Wu Jian
Yredelemnul
Zin

Shops:
D:1 [

Annotations:
D:3 1 runed translucent door, Crazy Yiuf
D:7 Harold


Innate Abilities, Weirdness & Mutations

You are immune to sickness and miasma.
You are immune to poison.
Your flesh is very heat resistant. (rF++)
You are vulnerable to cold. (rC-)
You float through the air rather than walking.
You learn spells naturally, not from books.
Your magical power is your life essence.
You have superior vitality. (+4 MHP)


Message History

Found a stone staircase leading down.
Harold the Weathered comes into view.
He is wielding a +0 mace and wearing a +2 scale mail of willpower.
Harold shouts!
Harold throws a throwing net.
The throwing net closely misses you.
You see here a throwing net.
Casting: Scorch (safe; 1% risk of failure)
Confirm with . or Enter, or press ? or * to list all spells.
Okay, then.
Casting: Scorch (safe; 1% risk of failure)
Confirm with . or Enter, or press ? or * to list all spells.
Aiming: Tukima's Dance (safe; 1% risk of failure)
Press: ? - help, Shift-Dir - straight line, f - Harold
Aim: Harold, wielding a +0 mace, wearing a +2 scale mail of willpower and quivering 3 throwing nets (chance to affect: 10%) Harold resists with almost no effort.
Harold fires a harpoon shot at you. The harpoon shot hits you!
You are yanked forward by the harpoon shot.
Casting: Tukima's Dance (safe; 1% risk of failure)
Confirm with . or Enter, or press ? or * to list all spells.
You begin to radiate toxic energy.
Harold is poisoned.
Harold gestures at you while chanting. A sentinel's mark forms upon you.
Casting: Olgreb's Toxic Radiance (dangerous; 1% risk of failure)
Confirm with . or Enter, or press ? or * to list all spells.
Your toxic radiance grows in intensity.
Harold looks even sicker.
Harold yells, "I don't have all day!"
Harold misses you.
Casting: Olgreb's Toxic Radiance (dangerous; 1% risk of failure)
Confirm with . or Enter, or press ? or * to list all spells.
Your toxic radiance grows in intensity.
Harold looks even sicker.
Harold looks as sick as possible!
Harold hits you with a +0 mace.
Casting: Olgreb's Toxic Radiance (dangerous; 1% risk of failure)
Confirm with . or Enter, or press ? or * to list all spells.
Flames lash Harold.
Harold is moderately wounded.
Harold's fire resistance burns away.
Harold looks as sick as possible!
Harold hits you with a +0 mace!
* * * LOW HITPOINT WARNING * * *
Harold looks as sick as possible!
Harold hits you with a +0 mace!!
You die...

#.#.##.#...
..........#......####
#.#.##.# ###
#####...##......#
#.#.##.#
#.....+.......####
#.#.##)#
#.#...#.#.........
#.#.##.#
#(#...............
#.#....# #
#.#.#.............
#.#....#.###
#.#.#.#.#......###
#......#....
#.#...#.######.#
####........
#@###.#.# #.#
.........#.# #.@...#
##.### ........##
......... ......
.....#.## .#.......#
.####### ###.#.##
##..#####+##.#######
..#....#
..##.......#......
#.#...## ..
..##.......#.....#
#...##.# .#
.#.##.............#
######.###'##
##......###....#


You could see Harold (extremely poisoned, combustible).

Vanquished Creatures
  Pikel (D:7)
  Sigmund (D:3)
  Eustachio (D:4)
  A water moccasin (D:5)
  A sky beast (D:5)
  A black bear (D:6)
  2 necrophages
  A phantom (D:5)
  A centaur (D:7)
  2 lemures (D:7)
  A bullfrog (D:7)
  A scorpion (D:5)
  4 wights (D:7)
  A howler monkey (D:5)
  A jelly (D:6)
  3 hounds
  2 orc priests (D:6)
  A bullfrog skeleton (D:5)
  2 iguanas (D:4)
  2 orc wizards
  A hound skeleton (D:5)
  6 adders
  7 gnolls
  A shadow imp (D:6)
  3 white imps
  3 dart slugs
  11 orcs
  7 ball pythons
  5 endoplasms
  3 giant cockroaches
  8 goblins
  4 hobgoblins
  5 jackals
  4 quokkas
  2 bats
  5 frilled lizards
  4 kobolds
  7 rats
116 creatures vanquished.

Vanquished Creatures (collateral kills)
  5 wights
  An orc (D:7)
6 creatures vanquished.

Vanquished Creatures (others)
  285 foxfires
285 creatures vanquished.

Grand Total: 407 creatures vanquished

Notes
Turn   | Place    | Note
-------+----------+-------------------------------------------
     0 | D:1      | ders the Djinni Fire Elementalist began the quest for the
                  | Orb.
     0 | D:1      | Reached XP level 1. HP: 15/15 MP: 0/0
   362 | D:1      | Reached XP level 2. HP: 16/21 MP: 0/0
  1239 | D:1      | Found Anion's Antique Armour Emporium.
  1256 | D:1      | Reached XP level 3. HP: 23/25 MP: 0/0
  1256 | D:1      | Learned a level 1 spell: Apportation
  1991 | D:2      | Found a shadowy altar of Dithmenos.
  2012 | D:2      | Found a faded altar of an unknown god.
  2641 | D:2      | Reached XP level 4. HP: 31/31 MP: 0/0
  2817 | D:3      | Reached skill level 3 in Spellcasting
  3041 | D:3      | Noticed Sigmund
  3055 | D:3      | Killed Sigmund
  3056 | D:3      | Reached skill level 4 in Spellcasting
  3056 | D:3      | Reached XP level 5. HP: 11/35 MP: 0/0
  3056 | D:3      | Learned a level 2 spell: Passwall
  3056 | D:3      | Reached XP level 6. HP: 13/40 MP: 0/0
  3403 | D:3      | Found a runed translucent door.
  3404 | D:3      | Noticed Crazy Yiuf
  4292 | D:4      | Noticed Eustachio
  4303 | D:4      | Killed Eustachio
  4304 | D:4      | Reached skill level 5 in Spellcasting
  4304 | D:4      | Reached XP level 7. HP: 24/45 MP: 0/0
  4304 | D:4      | Learned a level 3 spell: Tukima's Dance
  5329 | D:5      | Entered Level 5 of the Dungeon
  5338 | D:5      | Reached skill level 6 in Spellcasting
  5586 | D:5      | Found a hide-covered altar of Uskayaw.
  5600 | D:5      | Reached XP level 8. HP: 19/50 MP: 0/0
  6191 | D:5      | Identified the +3 leather armour "Baps" {rC+}
  6366 | D:5      | Reached skill level 7 in Spellcasting
  7223 | D:6      | Reached skill level 8 in Spellcasting
  7225 | D:6      | HP: 2/50 [orc (3)]
  7234 | D:6      | Reached XP level 9. HP: 4/55 MP: 0/0
  7234 | D:6      | Learned a level 4 spell: Olgreb's Toxic Radiance
  7707 | D:6      | Found a staircase to the Ecumenical Temple.
  7719 | Temple   | Entered the Ecumenical Temple
  8032 | Temple   | Became a worshipper of Ashenzari the Shackled
  8969 | D:7      | Noticed Pikel
  9271 | D:7      | Killed Pikel
  9272 | D:7      | Reached skill level 9 in Spellcasting
  9915 | D:7      | HP: 1/55 [wight (2)]
 10828 | D:7      | Noticed Harold
 10835 | D:7      | Mangled by Harold

Illustrated notes

Levels and vault maps discovered:
D:1:      lemuel_arrival_room, layout_basic, serial_shops, shop
D:2:      minmay_alternating_diamond, layout_rooms,
          shapermc_ecumenical_altar_notcrosses, basic_altar
D:3:      layout_loops_cross, uniq_crazy_yiuf_cottage, uniq_sigmund
D:4:      nicolae_cairo_tiling, layout_cave_pools,
          lightli_ossuary_entry_decrepit_ruins, uniq_eustachio
D:5:      layout_cave_pods, nicolae_uskayaw_dance_hall,
          mainiacjoe_overflow_brackets
D:6:      layout_loops_cross, minmay_temple_entry_mini_moons
D:7:      hellmonk_crumbling_castle, layout_basic, uniq_harold, uniq_pikel
Temple:   dpeg_five_rooms_temple

Skill      XL: |  1  2  3  4  5  6  7  8  9 |
---------------+----------------------------+-----
Stealth        | 2 |  2.4
Dodging        | 3 |  3.1
Spellcasting   | 4 5 6 8 9 |  9.7

Action                   |  1- 3 |  4- 6 |  7- 9 || total
-------------------------+-------+-------+-------++-------
Melee: Unarmed           |     1 |       |       ||     1
 Cast: Foxfire           |    84 |    43 |    49 ||   176
       Scorch            |     4 |    10 |    69 ||    83
       Conjure Flame     |       |     2 |       ||     2
       Olgreb's Toxic Ra |       |       |    17 ||    17
       Tukima's Dance    |       |       |    13 ||    13
Invok: Curse Item        |       |       |     1 ||     1
  Use: Scroll            |       |     4 |       ||     4
       Potion            |       |       |     5 ||     5
Armor: Robe              |     6 |       |       ||     6
       Leather armour    |       |       |    14 ||    14
Dodge: Dodged            |    29 |     5 |    54 ||    88

Table legend: (Time is in decaauts)
 A = Elapsed time spent in this place.
 B = Non-inter-level travel time spent in this place.
 C = Inter-level travel time spent in this place.
 D = Time resting spent in this place.
 E = Time spent auto-exploring this place.
 F = Levels seen in this place.
 G = Mean time per level.
                   A        B        C        D        E       F      G
               +--------+--------+--------+--------+--------+-----+--------+
         Total |  10822 |  10402 |    420 |   3882 |   5544 |   8 | 1352.8 |
       Dungeon |  10456 |  10142 |    314 |   3882 |   5297 |   7 | 1493.7 |
        Temple |    365 |    259 |    106 |      0 |    247 |   1 |  365.0 |
               +--------+--------+--------+--------+--------+-----+--------+

Top non-repeatable levels by time:
     D:6: 2371 daAuts
     D:1: 1744 daAuts
     D:5: 1680 daAuts
     D:3: 1514 daAuts
     D:4: 1131 daAuts
     D:7: 1076 daAuts
     D:2: 937 daAuts
  Temple: 365 daAuts
